 Dungeon Crawl Stone Soup version 0.29.1-13-g9f3cf754e1 (webtiles) character file.

Game seed: 16012610847640289075

154 khekkus the Chopper (level 5, -3/47 HPs)
             Began as a Hill Orc Fighter on Jan 30, 2023.
             Slain by a gnoll
             ... wielding a +0 club
              (5 damage)
             ... on level 3 of the Dungeon.
             The game lasted 00:04:29 (2430 turns).

khekkus the Chopper (Hill Orc Fighter)              Turns: 2430, Time: 00:04:29

Health: -3/47      AC:  8    Str: 21    XL:     5   Next: 36%
Magic:  5/5        EV:  9    Int:  8    God:
Gold:   106        SH:  4    Dex: 10    Spells: 4/4 levels left

rFire   . . .      SeeInvis +   a - +0 war axe
rCold   . . .      Faith    .   c - +0 buckler
rNeg    . . .      Spirit   .   b - +0 scale mail
rPois   .          Reflect  .   (no helmet)
rElec   .          Harm     .   (no cloak)
rCorr   .          Rampage  .   k - +0 pair of gloves
Will    .....                   (no boots)
Stlth   ..........              (no amulet)
HPRegen 0.15/turn               n - ring of see invisible
MPRegen 0.09/turn               (no ring)

@: mighty
A: no striking features
a: no special abilities


You were on level 3 of the Dungeon.
You visited 1 branch of the dungeon, and saw 3 of its levels.

You collected 106 gold pieces.

Inventory:

Hand Weapons
 a - a +0 war axe (weapon)
Missiles
 g - 4 poisoned darts (quivered)
Armour
 b - a +0 scale mail (worn)
 c - a +0 buckler (worn)
 k - a +0 pair of gloves (worn)
Jewellery
 l - a ring of resist corrosion
 m - a ring of flight
 n - a ring of see invisible (left hand)
Scrolls
 e - 2 scrolls of identify {unknown}
 h - 2 scrolls of teleportation {unknown}
 o - a scroll of magic mapping {unknown}
Potions
 f - a potion of curing {unknown}
 i - a potion of flight {unknown}
 j - a potion of mutation {unknown}


   Skills:
 + Level 4.9 Fighting
 * Level 5.8 Axes
 - Level 3.5 Armour
 - Level 3.4 Shields


You had 4 spell levels left.
You didn't know any spells.
Your spell library was empty.

Dungeon Overview and Level Annotations

Branches:
Dungeon (3/15)

Altars:

Shops:
D:1 *


Message History

The gnoll hits you with a +0 club. x2; The gnoll barely misses you.
The gnoll hits you but does no damage. x2
You are too injured to fight recklessly!
You are too injured to fight recklessly!
You are too injured to fight recklessly!
You are too injured to fight recklessly!
You are too injured to fight recklessly!
You slash the gnoll!
You kill the gnoll!
You hit the gnoll. The gnoll hits you but does no damage.
You block the gnoll's attack. The gnoll closely misses you.
The gnoll hits you with a +0 club.
There is an open door, spattered with blood here.
Things that are here:
a +0 club; a gnoll corpse; a hobgoblin corpse You hit the gnoll.
The gnoll is severely wounded.
You hit the gnoll but do no damage. The gnoll hits you with a +0 spear.
You block the gnoll's attack.
You hit the gnoll but do no damage.
The gnoll is severely wounded.
You closely miss the gnoll. The gnoll hits you with a +0 spear.
* * * LOW HITPOINT WARNING * * *
You block the gnoll's attack.
You hit the gnoll but do no damage.
The gnoll is severely wounded.
You barely miss the gnoll. You block the gnoll's attack.
The gnoll hits you with a +0 club.
* * * LOW HITPOINT WARNING * * *
The gnoll hits you from afar with a +0 spear.
* * * LOW HITPOINT WARNING * * *
The gnoll hits you with a +0 club.
* * * LOW HITPOINT WARNING * * *
You feel very mighty all of a sudden. The gnoll misses you.
You block the gnoll's attack.
You hit the gnoll.
The gnoll is almost dead.
You block the gnoll's attack. The gnoll hits you but does no damage.
The gnoll hits you with a +0 club.
You die...

......#### #####.####..# #...##
.........# #.........# #.#.<#
.........# #.#...###.# #.....
...g.....######.#...# .#......
.g....#.........#...# #....#.##
..g...#.........#..... #........
......#........g##########.....#.
......#########)#..............#.
..#### ##..g@......##.##.###. ..
#...........##.##.# #.
#..........†##....###.
..............##.##...'.
..............##.##'###.
...............###.......
...............# #.......
..............# #.......
............# #.......


You could see 2 gnolls.

Vanquished Creatures
  Natasha (twice) (D:3)
  2 gnolls (D:3)
  2 adders (D:2)
  2 dart slugs (D:1)
  An orc (D:3)
  8 ball pythons
  2 bats
  2 endoplasms
  3 giant cockroaches
  10 goblins
  10 hobgoblins
  4 jackals (D:2)
  2 quokkas (D:2)
  2 frilled lizards
  5 kobolds
  3 rats
60 creatures vanquished.

Notes
Turn   | Place    | Note
-------+----------+-------------------------------------------
     0 | D:1      | khekkus the Hill Orc Fighter began the quest for the Orb.
     0 | D:1      | Reached XP level 1. HP: 19/19 MP: 1/1
   233 | D:1      | Reached skill level 3 in Axes
   233 | D:1      | Reached XP level 2. HP: 27/27 MP: 2/2
   317 | D:1      | Found Suibaig's Assorted Antiques.
   991 | D:2      | Reached XP level 3. HP: 33/33 MP: 3/3
  1126 | D:2      | Reached skill level 4 in Axes
  1347 | D:2      | Reached XP level 4. HP: 30/41 MP: 4/4
  1757 | D:3      | Found a faded altar of an unknown god.
  1837 | D:3      | Noticed Natasha
  1841 | D:3      | Killed Natasha
  2027 | D:3      | Noticed Natasha
  2034 | D:3      | Killed Natasha
  2035 | D:3      | Reached skill level 5 in Axes
  2165 | D:3      | Reached XP level 5. HP: 47/47 MP: 5/5
  2428 | D:3      | HP: 2/47 [gnoll/+0 club (4)]
  2430 | D:3      | Slain by a gnoll

Illustrated notes

Levels and vault maps discovered:
D:1:      lemuel_arrival_cross, layout_basic, serial_shops, shop,
          roderic_serpentine_path
D:2:      minmay_evil_eye, layout_loops_ring, kennysheep_cluttered_room,
          minmay_misc_feat_alley
D:3:      minmay_goblin_kobold_castle, layout_basic,
          ebering_ecumenical_altar_webs, uniq_natasha

Skill      XL: |  1  2  3  4 |
---------------+-------------+-----
Axes           | 3 4 5 |  5.8
Fighting       | 4 |  4.9
Armour         | |  3.5
Shields        | |  3.4

Action                   |  1- 3 |  4- 6 || total
-------------------------+-------+-------++-------
Melee: War axe           |    97 |    75 ||   172
  Use: Potion            |       |     1 ||     1
Armor: Scale mail        |    41 |    28 ||    69
Dodge: Dodged            |    65 |    34 ||    99
Block: Buckler           |    21 |    23 ||    44
